 Dungeon Crawl Stone Soup version 0.30-a0-743-gbfdf073431 (webtiles) character file.

Game seed: 8488408621998016604

52 Leeroy the Slasher (level 3, -4/18 HPs)
             Began as a Vine Stalker Warper on Feb 5, 2023.
             Slain by a phantom (6 damage)
             ... on level 2 of the Dungeon.
             The game lasted 00:02:10 (1302 turns).

Leeroy the Slasher (Vine Stalker Warper)            Turns: 1302, Time: 00:02:10

Health: -4/18      AC:  3    Str: 13    XL:     3   Next: 85%
Magic:  0/7        EV: 11    Int: 13    God:
Gold:   38         SH:  0    Dex: 15    Spells: 1/6 levels left

rFire   . . .      SeeInvis .    a - +0 falchion
rCold   . . .      Faith    .    (no shield)
rNeg    . . .      Spirit   +    b - +0 leather armour
rPois   .          Reflect  .    (no helmet)
rElec   .          Harm     .    (no cloak)
rCorr   .          Rampage  .    (no gloves)
Will    .....                    (no boots)
Stlth   +                        (no amulet)
HPRegen 0.23/turn                (no ring)
MPRegen 0.10/turn                (no ring)

@: no status effects
A: fangs 2, magic shield, antimagic bite, no potion heal 2
a: no special abilities


You were on level 2 of the Dungeon.
You visited 1 branch of the dungeon, and saw 2 of its levels.

You collected 38 gold pieces.

Inventory:

Hand Weapons
 a - a +0 falchion (weapon)
Missiles
 d - 4 boomerangs of dispersal (quivered)
 f - 6 poisoned darts
Armour
 b - a +0 leather armour (worn)
Scrolls
 c - 2 scrolls of blinking
 h - a scroll of identify {unknown}
 l - a scroll of teleportation {unknown}
Potions
 e - a potion of curing {unknown}
 g - a potion of heal wounds {unknown}
 i - a potion of magic {unknown}
 j - a potion of ambrosia {unknown}
 k - a potion of haste {unknown}


   Skills:
 - Level 1.7 Fighting
 + Level 3.6 Long Blades
 - Level 0.8 Throwing
 - Level 0.7 Armour
 - Level 1.5 Dodging
 - Level 2.1 Spellcasting
 - Level 3.0 Translocations


You had one spell level left.
You knew the following spells:

 Your Spells              Type           Power      Damage    Failure   Level
a - Blink                 Tloc           18%        N/A       14%         2
b - Vhi's Electric Charg  Tloc/Air       10%        N/A       45%         3

Your spell library contained the following spells:

 Spells                   Type           Power      Damage    Failure   Level
 Magic Dart               Conj           4%         1d3       32%         1
 Necrotise                Necr           4%         1d4       32%         1
 Lesser Beckoning         Tloc           18%        N/A       14%         2
 Teleport Other           Tloc           9%         N/A       28%         3
 Call Imp                 Summ           1%         N/A       43%         2
 Mephitic Cloud           Conj/Pois/Air  1%         N/A       67%         3
 Vampiric Draining        Necr           1%         2d6       67%         3
 Manifold Assault         Tloc           9%         N/A       67%         4
 Agony                    Necr           1%         N/A       100%        5


Dungeon Overview and Level Annotations

Branches:
Dungeon (2/15)

Altars:


Innate Abilities, Weirdness & Mutations

You have extremely sharp teeth.
When hurt, damage is shared between your health and your magic reserves.
Your bite disrupts and absorbs the magic of your enemies.
Potions cannot restore your health.


Message History

The phantom attacks as you move away! The phantom barely misses you.
Okay, then.
Cast which spell? (? or * to list)
You don't have enough magic to cast this spell.
A giant cockroach comes into view.
Cast which spell? (? or * to list)
You blink.
You see here a scroll labelled IQUOMI LAHOITT.
You feel stable enough to blink again.
You aren't carrying any items that you can evoke.
Okay, then.
Throw: 7 boomerangs (disperse)
Press: ? - help, Q - select action, (/) - cycle Shift-Dir - straight line, f - phantom
Aim: a phantom (46% to hit)
You throw a boomerang of dispersal.
The boomerang of dispersal closely misses the phantom.
The phantom barely misses you.
Throw: 6 boomerangs (disperse)
Press: ? - help, Q - select action, (/) - cycle Shift-Dir - straight line, f/p - phantom
Aim: a phantom (46% to hit)
You throw a boomerang of dispersal.
The boomerang of dispersal misses the phantom.
The phantom hits you.
You barely miss the phantom. You bite the phantom, but do no damage.
The giant cockroach bites you but does no damage.
The phantom barely misses you. The giant cockroach barely misses you.
You hit the giant cockroach. Your bite misses the giant cockroach.
The giant cockroach is heavily wounded.
The giant cockroach bites you.
* * * LOW HITPOINT WARNING * * *
The phantom hits you.
* * * LOW HITPOINT WARNING * * *
The phantom blinks!
You blink.
Throw: 5 boomerangs (disperse)
Press: ? - help, Q - select action, (/) - cycle Shift-Dir - straight line, f/p - phantom
Aim: a phantom (46% to hit)
You throw a boomerang of dispersal.
The boomerang of dispersal closely misses the phantom.
The phantom hits you.
You die...

########.........###..###...
###.....#..........#
#.....#....§.....#
#.......###..###...
#.....?## #..# #.....## #.B#
####.....## ....
#...w.....##..##..
#...W@........ ...
#.........##... ....
#........## .. #..B.....# .
#§.......# #§.....###
########


You could see a phantom, a worm and a giant cockroach.

Vanquished Creatures
  An adder (D:2)
  A dart slug (D:2)
  3 ball pythons
  3 endoplasms (D:2)
  2 giant cockroaches (D:1)
  5 goblins
  4 hobgoblins
  4 jackals (D:1)
  4 kobolds (D:1)
  A quokka (D:1)
  2 bats
  3 frilled lizards
  3 rats (D:1)
36 creatures vanquished.

Notes
Turn   | Place    | Note
-------+----------+-------------------------------------------
     0 | D:1      | Leeroy the Vine Stalker Warper began the quest for the Orb.
     0 | D:1      | Reached XP level 1. HP: 11/11 MP: 4/4
   217 | D:1      | Reached XP level 2. HP: 10/15 MP: 1/6
   794 | D:1      | Reached XP level 3. HP: 14/18 MP: 4/7
  1206 | D:2      | Learned a level 2 spell: Blink
  1210 | D:2      | Learned a level 3 spell: Vhi's Electric Charge
  1273 | D:2      | Noticed a phantom
  1302 | D:2      | Slain by a phantom

Illustrated notes

Levels and vault maps discovered:
D:1:      onia_arrival_pyramid, layout_basic, hex_intersection
D:2:      layout_basic, palyth_stone_intersect

Skill      XL: |  1  2 |
---------------+-------+-----
Long Blades    | 2 3 |  3.6
Fighting       | |  1.7
Throwing       | |  0.8
Armour         | |  0.7
Dodging        | |  1.5
Spellcasting   | |  2.1
Translocations | |  3.0

Action                     || total
---------------------------++-------
  Melee: Falchion          ||    88
         Bite              ||    22
         Punch             ||     1
  Throw: Boomerang         ||     3
   Cast: Blink             ||     1
 Armour: Leather armour    ||    22
  Dodge: Dodged            ||    60

Table legend: (Time is in decaauts)
 A = Elapsed time spent in this place.
 B = Non-inter-level travel time spent in this place.
 C = Inter-level travel time spent in this place.
 D = Time resting spent in this place.
 E = Time spent auto-exploring this place.
 F = Levels seen in this place.
 G = Mean time per level.
                   A        B        C        D        E       F      G
               +--------+--------+--------+--------+--------+-----+--------+
         Total |   1316 |   1295 |     21 |      0 |   1047 |   2 |  658.0 |
       Dungeon |   1316 |   1295 |     21 |      0 |   1047 |   2 |  658.0 |
               +--------+--------+--------+--------+--------+-----+--------+

Top non-repeatable levels by time:
     D:1: 1051 daAuts
     D:2: 265 daAuts
